 Dungeon Crawl Stone Soup version 0.31-a0-728-g01b46875f1 (webtiles) character file.

Game seed: 12781050975495131072

31 Maratek the Trooper (level 3, 0/29 HPs)
             Began as a Demonspawn Fighter on Sept 11, 2023.
             Succumbed to Sigmund's poison
             ... on level 2 of the Dungeon.
             The game lasted 00:01:27 (1042 turns).

Maratek the Trooper (Demonspawn Fighter)            Turns: 1042, Time: 00:01:28

Health: 0/29       AC:  6    Str: 18    XL:     3   Next: 7%
Magic:  3/3        EV:  9    Int: 11    God:
Gold:   138        SH:  4    Dex: 12    Spells: 2/2 levels left

rFire   . . .        a - +0 war axe
rCold   . . .        c - +0 buckler
rNeg    . . .        b - +0 scale mail
rPois   .            (no helmet)
rElec   .            (no cloak)
rCorr   .            (no gloves)
SInv    .            (no boots)
Will    .....        (no amulet) Stlth
                     (no ring)
HPRegen 0.24/turn    (no ring)
MPRegen 0.08/turn

%: no passive effects
@: lethally poisoned (0 -> -10)
A: big brain 1, weakness stinger 1
a: no special abilities


You were on level 2 of the Dungeon.
You visited 1 branch of the dungeon, and saw 2 of its levels.

You collected 138 gold pieces.

Inventory:

Hand Weapons
 a - a +0 war axe (weapon)
Armour
 b - a +0 scale mail (worn)
 c - a +0 buckler (worn)
Scrolls
 e - 2 scrolls of teleportation {unknown}
 f - a scroll of vulnerability {unknown}
 h - a scroll of revelation {unknown}
 i - 2 scrolls of identify {unknown}
Potions
 d - a potion of might
 g - a potion of curing {unknown}
 j - a potion of attraction {unknown}


   Skills:
 + Level 3.3 Fighting
 + Level 2.2 Axes
 + Level 3.1 Armour
 + Level 0.2 Dodging
 + Level 2.8 Shields


You had 2 spell levels left.
You didn't know any spells.
Your spell library was empty.

Dungeon Overview and Level Annotations

Branches:
Dungeon (2/15)

Altars:

Shops:
D:1 :


Innate Abilities, Weirdness & Mutations

You have an unusually large brain. (Int +2)
You have a small tail.


Message History

No target in view!
HP restored.
You now have 125 gold pieces (gained 7).
You see here a staff of cold.
j - a fizzy black potion You now have 138 gold pieces (gained 13).
Sigmund the Dreaded comes into view.
He is wielding a +0 scythe of venom.
Sigmund asks, "Do you like me?"
Sigmund is nearby!
Sigmund is nearby!
Sigmund closely misses you.
You barely miss Sigmund. You tail-slap Sigmund.
Sigmund is lightly wounded.
Sigmund barely misses you.
You barely miss Sigmund.
Sigmund is lightly wounded.
Sigmund hits you with a +0 scythe of venom!
You slash Sigmund!
Sigmund is heavily wounded.
Sigmund hits you with a +0 scythe of venom.
You are poisoned.
You slash Sigmund!
Sigmund is almost dead.
You feel very sick. Sigmund hits you but does no damage.
You are more poisoned.
You hit Sigmund.
Sigmund is almost dead.
You feel very sick.
Sigmund points at you and mumbles some strange words.
The puff of flame hits you!
* * * LOW HITPOINT WARNING * * *
You are too injured to fight recklessly!
You are too injured to fight recklessly!
You are too injured to fight recklessly!
You are too injured to fight recklessly!
You are too injured to fight recklessly!
You hit Sigmund.
You kill Sigmund!
You die...

#.# #.# .. #.###.#
... ####.#...##...
#........#...#
#....#...#...#
##..#.....#...#
###.....##......#
###.....####.|....#
#.@...#### #.......
#)#......###..[...#
...#.####...#......#
###...# #)........#
#.### #...#######
###.## #...#
###########....#
##...#
#.......>##....#
#...##
#...(....##....#
##.(.#


There were no monsters in sight!

Vanquished Creatures
  Sigmund (D:2)
  A worm (D:2)
  A dart slug (D:1)
  2 ball pythons (D:1)
  2 endoplasms
  2 giant cockroaches (D:1)
  A goblin (D:1)
  2 hobgoblins (D:1)
  3 jackals (D:1)
  A bat (D:1)
  A frilled lizard (D:1)
  7 kobolds
  A rat (D:1)
25 creatures vanquished.

Notes
Turn   | Place    | Note
-------+----------+-------------------------------------------
     0 | D:1      | Maratek the Demonspawn Fighter began the quest for the Orb.
     0 | D:1      | Reached XP level 1. HP: 18/18 MP: 1/1
   312 | D:1      | Gained mutation: You have a small tail. [demonic ancestry]
   312 | D:1      | Reached XP level 2. HP: 10/24 MP: 2/2
   615 | D:1      | Found Diwibb's Book Emporium.
   993 | D:2      | Gained mutation: You have an unusually large brain. (Int
                  | +2) [demonic ancestry]
   993 | D:2      | Reached XP level 3. HP: 24/29 MP: 3/3
  1035 | D:2      | Noticed Sigmund
  1042 | D:2      | Killed Sigmund
  1042 | D:2      | Succumbed to Sigmund's poison

Illustrated notes

Levels and vault maps discovered:
D:1:      ncdulo_smallfort, layout_basic, serial_shops, shop
D:2:      layout_rooms, serial_curves, eino_curves_02, eino_curves_02,
          eino_curves_02, eino_curves_02, uniq_sigmund

Skill      XL: |  1  2 |
---------------+-------+-----
Armour         | 3 |  3.1
Axes           | 2 |  2.2
Fighting       | |  3.3
Dodging        | |  0.2
Shields        | |  2.8

Action                     || total
---------------------------++-------
  Melee: War axe           ||    70
         Tailslap          ||     5
 Armour: Scale mail        ||    46
  Dodge: Dodged            ||    34
  Block: Buckler           ||    16

Table legend: (Time is in decaauts)
 A = Elapsed time spent in this place.
 B = Non-inter-level travel time spent in this place.
 C = Inter-level travel time spent in this place.
 D = Time resting spent in this place.
 E = Time spent auto-exploring this place.
 F = Levels seen in this place.
 G = Mean time per level.
                   A        B        C        D        E       F      G
               +--------+--------+--------+--------+--------+-----+--------+
         Total |   1073 |   1073 |      0 |      0 |    895 |   2 |  536.5 |
       Dungeon |   1073 |   1073 |      0 |      0 |    895 |   2 |  536.5 |
               +--------+--------+--------+--------+--------+-----+--------+

Top non-repeatable levels by time:
     D:1: 977 daAuts
     D:2: 96 daAuts
